| TOP OF THE 1ST |
|
Windy City ThunderBolts batting - Pitching for Hamilton Cardinals : LHP J.T. Ready
|
|
Pitching: LHP J.T. Ready
|
|
|
Batting: RHB Enrique Gomez
|
0-0: Called Strike 0-1: Fly out, F9 (Flyball, 9LMF, EV 90.0 MPH)
|
|
Batting: RHB David Laureano
|
0-0: SINGLE (Line Drive, 9S, EV 90.6 MPH)
|
|
Batting: SHB Andres Agudo
|
0-0: Ball 1-0: Ball 2-0: Ball 3-0: Called Strike 3-1: Base on Balls David Laureano to second
|
|
Batting: RHB Bill Stern
|
0-0: Ball 1-0: Ball 2-0: Ball 3-0: Base on Balls David Laureano to third Andres Agudo to second
|
|
Batting: SHB Veit Geisler
|
0-0: DOUBLE (Line Drive, 89XD, EV 103.8 MPH) David Laureano scores Andres Agudo scores Bill Stern to third
|
|
Batting: RHB Joe Thomas
|
0-0: Swinging Strike 0-1: Foul Ball, location: 2F 0-2: Ball 1-2: Strikes out swinging
|
|
Batting: RHB Joselito Santos
|
0-0: Called Strike 0-1: Ball 1-1: DOUBLE (Flyball, 8LD, EV 98.8 MPH) Bill Stern scores Veit Geisler scores
|
|
Batting: LHB Jose Pereyra
|
0-0: Ball 1-0: Foul Ball, location: 2F 1-1: Ground out 6-3 (Groundball, 6M, EV 83.8 MPH)
|
| Top of the 1st over - 4 runs, 3 hits, 0 errors, 1 left on base; Windy City 4 - Hamilton 0 |
| BOTTOM OF THE 1ST |
|
Hamilton Cardinals batting - Pitching for Windy City ThunderBolts : LHP Jose Herrera
|
|
Pitching: LHP Jose Herrera
|
|
|
Batting: RHB Nick Latulippe
|
0-0: Called Strike 0-1: Foul Ball, location: 2F 0-2: Strikes out looking
|
|
Batting: RHB Chris Rouleau
|
0-0: Ball 1-0: Ball 2-0: Ground out 6-3 (Groundball, 6, EV 101.9 MPH)
|
|
Batting: RHB Sam Daw
|
0-0: Called Strike 0-1: Swinging Strike 0-2: Strikes out swinging
|
| Bottom of the 1st over - 0 runs, 0 hits, 0 errors, 0 left on base; Windy City 4 - Hamilton 0 |
| TOP OF THE 2ND |
|
Windy City ThunderBolts batting - Pitching for Hamilton Cardinals : LHP J.T. Ready
|
|
Batting: RHB Nhat Phong
|
0-0: Ball 1-0: Ground out 4-3 (Groundball, 4, EV 80.6 MPH)
|
|
Batting: RHB Enrique Gomez
|
0-0: Fly out, F7 (Line Drive, 78M, EV 95.0 MPH)
|
|
Batting: RHB David Laureano
|
0-0: Ball 1-0: SINGLE (Groundball, 6MD, EV 108.8 MPH)
|
|
Batting: SHB Andres Agudo
|
0-0: Ball 1-0: Ball 2-0: Foul Ball, location: 2F 2-1: Ball 3-1: Base on Balls David Laureano to second
|
|
Batting: RHB Bill Stern
|
0-0: Called Strike 0-1: Foul Ball, location: 2F 0-2: Foul Ball, location: 2F 0-2: Ball 1-2: Ball 2-2: Ball 3-2: Base on Balls David Laureano to third Andres Agudo to second
|
|
Batting: SHB Veit Geisler
|
0-0: Called Strike 0-1: Reached on error, E6 (Groundball, 6MS, EV 85.0 MPH) David Laureano scores Andres Agudo scores Bill Stern to third
|
|
Batting: RHB Joe Thomas
|
0-0: Ball 1-0: Foul Ball, location: 2F 1-1: Ball 2-1: Foul Ball, location: 2F 2-2: Fly out, F7 (Line Drive, 7, EV 101.9 MPH)
|
| Top of the 2nd over - 2 runs, 1 hit, 1 error, 2 left on base; Windy City 6 - Hamilton 0 |
| BOTTOM OF THE 2ND |
|
Hamilton Cardinals batting - Pitching for Windy City ThunderBolts : LHP Jose Herrera
|
|
Batting: RHB Julio Sandoval
|
0-0: Foul Ball, location: 2F 0-1: Ball 1-1: Called Strike 1-2: Foul Ball, location: 2F 1-2: Strikes out swinging
|
|
Batting: RHB Bobby Miles
|
0-0: Ball 1-0: SOLO HOME RUN (Flyball, 7LD, EV 93.8 MPH), Distance : 374 ft
|
|
Batting: RHB Johnny Lowe
|
0-0: Called Strike 0-1: Called Strike 0-2: Ball 1-2: Ball 2-2: Strikes out swinging
|
|
Batting: RHB Sal Guzman
|
0-0: Ball 1-0: Called Strike 1-1: Ball 2-1: Ball 3-1: Foul Ball, location: 2F 3-2: Strikes out swinging
|
| Bottom of the 2nd over - 1 run, 1 hit, 0 errors, 0 left on base; Windy City 6 - Hamilton 1 |
| TOP OF THE 3RD |
|
Windy City ThunderBolts batting - Pitching for Hamilton Cardinals : LHP J.T. Ready
|
|
Batting: RHB Joselito Santos
|
0-0: Swinging Strike 0-1: SINGLE (Groundball, 56D, EV 98.1 MPH)
|
|
Batting: LHB Jose Pereyra
|
0-0: Called Strike 0-1: Called Strike 0-2: Strikes out swinging
|
|
Batting: RHB Nhat Phong
|
0-0: Swinging Strike 0-1: Foul Ball, location: 2F 0-2: Strikes out swinging
|
|
Batting: RHB Enrique Gomez
|
0-0: Called Strike 0-1: Swinging Strike 0-2: Ball 1-2: Ball 2-2: Strikes out swinging
|
| Top of the 3rd over - 0 runs, 1 hit, 0 errors, 1 left on base; Windy City 6 - Hamilton 1 |
| BOTTOM OF THE 3RD |
|
Hamilton Cardinals batting - Pitching for Windy City ThunderBolts : LHP Jose Herrera
|
|
Batting: RHB Pablo Nunez
|
0-0: Ball 1-0: Swinging Strike 1-1: Foul Ball, location: 2F 1-2: Strikes out swinging
|
|
Batting: SHB J.T. Ready
|
0-0: Called Strike 0-1: Called Strike 0-2: Ball 1-2: Strikes out swinging
|
|
Batting: RHB Nick Latulippe
|
0-0: Ball 1-0: Called Strike 1-1: Called Strike 1-2: Ball 2-2: Strikes out swinging
|
| Bottom of the 3rd over - 0 runs, 0 hits, 0 errors, 0 left on base; Windy City 6 - Hamilton 1 |
| TOP OF THE 4TH |
|
Windy City ThunderBolts batting - Pitching for Hamilton Cardinals : LHP J.T. Ready
|
|
Batting: RHB David Laureano
|
0-0: Swinging Strike 0-1: Ball 1-1: Ball 2-1: Ball 3-1: Foul Ball, location: 2F 3-2: Foul Ball, location: 2F 3-2: Base on Balls
|
|
Pitching: LHP Mike East
|
|
|
Batting: SHB Andres Agudo
|
0-0: Foul Ball, location: 2F 0-1: Ball 1-1: Swinging Strike 1-2: Foul Ball, location: 2F 1-2: Strikes out swinging
|
|
Batting: RHB Bill Stern
|
0-0: Ball 1-0: Called Strike 1-1: Foul Ball, location: 2F 1-2: Ball 2-2: Grounds into double play, 4-6-3 (Groundball, 4S, EV 91.9 MPH)
|
| Top of the 4th over - 0 runs, 0 hits, 0 errors, 0 left on base; Windy City 6 - Hamilton 1 |
| BOTTOM OF THE 4TH |
|
Hamilton Cardinals batting - Pitching for Windy City ThunderBolts : LHP Jose Herrera
|
|
Batting: RHB Chris Rouleau
|
0-0: Ball 1-0: Called Strike 1-1: Ball 2-1: Ball 3-1: Base on Balls
|
|
Batting: RHB Sam Daw
|
0-0: Ball 1-0: Foul Ball, location: 2F 1-1: Ball 2-1: Swinging Strike 2-2: Ball 3-2: Base on Balls Chris Rouleau to second
|
|
Batting: RHB Julio Sandoval
|
0-0: Fielders Choice at 2nd, 1-4 (Groundball, 15S, EV 67.5 MPH) Chris Rouleau to third
|
|
Batting: RHB Bobby Miles
|
0-0: Called Strike 0-1: Foul Ball, location: 2F 0-2: Foul Ball, location: 2F 0-2: Strikes out swinging
|
|
Batting: RHB Johnny Lowe
|
0-0: Ball 1-0: Ball 2-0: Swinging Strike 2-1: Called Strike 2-2: Ball 3-2: Strikes out looking
|
| Bottom of the 4th over - 0 runs, 0 hits, 0 errors, 2 left on base; Windy City 6 - Hamilton 1 |
| TOP OF THE 5TH |
|
Windy City ThunderBolts batting - Pitching for Hamilton Cardinals : LHP Mike East
|
|
Batting: SHB Veit Geisler
|
0-0: Ball 1-0: Foul Ball, location: 2F 1-1: Fly out, F9 (Flyball, 9D, EV 91.2 MPH)
|
|
Batting: RHB Joe Thomas
|
0-0: Ball 1-0: Ball 2-0: Swinging Strike 2-1: DOUBLE (Line Drive, 3D, EV 98.1 MPH)
|
|
Batting: RHB Joselito Santos
|
0-0: Ball 1-0: Called Strike 1-1: Fly out, F8 (Line Drive, 8RD, EV 105.6 MPH)
|
|
Batting: LHB Jose Pereyra
|
0-0: Called Strike 0-1: Fly out, F7 (Flyball, 7S, EV 90.0 MPH)
|
| Top of the 5th over - 0 runs, 1 hit, 0 errors, 1 left on base; Windy City 6 - Hamilton 1 |
| BOTTOM OF THE 5TH |
|
Hamilton Cardinals batting - Pitching for Windy City ThunderBolts : LHP Jose Herrera
|
|
Batting: RHB Sal Guzman
|
0-0: Ball 1-0: SOLO HOME RUN (Flyball, 7D, EV 94.4 MPH), Distance : 356 ft
|
|
Batting: RHB Pablo Nunez
|
0-0: SOLO HOME RUN (Flyball, 8RXD, EV 115.0 MPH), Distance : 436 ft
|
|
Batting: SHB J.T. Ready
|
0-0: Ball 1-0: Foul Ball, location: 2F 1-1: Called Strike 1-2: Ball 2-2: Strikes out swinging
|
|
Batting: RHB Nick Latulippe
|
0-0: Ball 1-0: DOUBLE (Groundball, 5L, EV 101.9 MPH)
|
|
Batting: RHB Chris Rouleau
|
0-0: Foul Ball, location: 2F 0-1: Foul Ball, location: 2F 0-2: Ball 1-2: Strikes out looking
|
|
Batting: RHB Sam Daw
|
0-0: Ball 1-0: Called Strike 1-1: Foul Ball, location: 2F 1-2: Ground out 5-3 (Groundball, 5, EV 101.2 MPH)
|
| Bottom of the 5th over - 2 runs, 3 hits, 0 errors, 1 left on base; Windy City 6 - Hamilton 3 |
| TOP OF THE 6TH |
|
Windy City ThunderBolts batting - Pitching for Hamilton Cardinals : LHP Mike East
|
|
Batting: RHB Nhat Phong
|
0-0: SINGLE (Flyball, 9LS, EV 92.5 MPH)
|
|
Batting: RHB Enrique Gomez
|
0-0: Grounds into double play, 6-4-3 (Groundball, 6, EV 96.2 MPH)
|
|
Batting: RHB David Laureano
|
0-0: Called Strike 0-1: Reached on error, E5 (Groundball, 56, EV 90.6 MPH)
|
|
Batting: SHB Andres Agudo
|
0-0: Ball 1-0: Fly out, F7 (Line Drive, 78S, EV 88.8 MPH)
|
| Top of the 6th over - 0 runs, 1 hit, 1 error, 1 left on base; Windy City 6 - Hamilton 3 |
| BOTTOM OF THE 6TH |
|
Hamilton Cardinals batting - Pitching for Windy City ThunderBolts : LHP Jose Herrera
|
|
Batting: RHB Julio Sandoval
|
0-0: Foul Ball, location: 2F 0-1: Fly out, F4 (Popup, 34, EV 56.2 MPH)
|
|
Batting: RHB Bobby Miles
|
0-0: Foul Ball, location: 2F 0-1: Called Strike 0-2: Strikes out swinging
|
|
Batting: RHB Johnny Lowe
|
0-0: Ball 1-0: Ball 2-0: Ball 3-0: Called Strike 3-1: Foul Ball, location: 2F 3-2: Foul Ball, location: 2F 3-2: Base on Balls
|
|
Batting: RHB Sal Guzman
|
0-0: Called Strike 0-1: Swinging Strike 0-2: Ball 1-2: SINGLE (Flyball, 8LS, EV 97.5 MPH) Johnny Lowe to second
|
|
Batting: RHB Pablo Nunez
|
0-0: Swinging Strike 0-1: Ball 1-1: Foul Ball, location: 2F 1-2: Ground out 4-3 (Groundball, 4, EV 103.1 MPH)
|
| Bottom of the 6th over - 0 runs, 1 hit, 0 errors, 2 left on base; Windy City 6 - Hamilton 3 |
| TOP OF THE 7TH |
|
Windy City ThunderBolts batting - Pitching for Hamilton Cardinals : LHP Mike East
|
|
Batting: RHB Bill Stern
|
0-0: Called Strike 0-1: DOUBLE (Line Drive, 89D, EV 106.9 MPH)
|
|
Batting: SHB Veit Geisler
|
0-0: Intentional Walk
|
|
Batting: RHB Joe Thomas
|
0-0: Fly out, F7 (Flyball, 7, EV 85.0 MPH)
|
|
Batting: RHB Joselito Santos
|
0-0: DOUBLE (Flyball, 89D, EV 110.0 MPH) Bill Stern scores Veit Geisler to third
|
|
Batting: LHB Jose Pereyra
|
0-0: TRIPLE (Flyball, 8LXD, EV 89.4 MPH) Veit Geisler scores Joselito Santos scores
|
|
Batting: RHB Nhat Phong
|
0-0: Fly out, F7 (Flyball, 7, EV 90.6 MPH)
|
|
Batting: RHB Enrique Gomez
|
0-0: Foul Ball, location: 2F 0-1: Ball 1-1: Ball 2-1: Foul Ball, location: 2F 2-2: Foul Ball, location: 2F 2-2: Strikes out swinging
|
| Top of the 7th over - 3 runs, 3 hits, 0 errors, 1 left on base; Windy City 9 - Hamilton 3 |
| BOTTOM OF THE 7TH |
|
Hamilton Cardinals batting - Pitching for Windy City ThunderBolts : LHP Jose Herrera
|
|
Batting: SHB J.T. Ready
|
0-0: Ball 1-0: Foul Ball, location: 2F 1-1: Called Strike 1-2: Foul Ball, location: 2F 1-2: Ball 2-2: Foul Ball, location: 2F 2-2: Strikes out swinging
|
|
Batting: RHB Nick Latulippe
|
0-0: Swinging Strike 0-1: Foul Ball, location: 2F 0-2: Foul Ball, location: 2F 0-2: Strikes out swinging
|
|
Batting: RHB Chris Rouleau
|
0-0: Fly out, F7 (Flyball, 78D, EV 80.0 MPH)
|
| Bottom of the 7th over - 0 runs, 0 hits, 0 errors, 0 left on base; Windy City 9 - Hamilton 3 |
| TOP OF THE 8TH |
|
Windy City ThunderBolts batting - Pitching for Hamilton Cardinals : LHP Mike East
|
|
Batting: RHB David Laureano
|
0-0: Ball 1-0: Foul Ball, location: 2F 1-1: Ball 2-1: Fly out, F8 (Flyball, 8LD, EV 108.8 MPH)
|
|
Batting: SHB Andres Agudo
|
0-0: Ball 1-0: Ball 2-0: Ball 3-0: Called Strike 3-1: SOLO HOME RUN (Flyball, 7LD, EV 92.5 MPH), Distance : 330 ft
|
|
Batting: RHB Bill Stern
|
0-0: Called Strike 0-1: Ball 1-1: Called Strike 1-2: Ball 2-2: Strikes out swinging
|
|
Batting: SHB Veit Geisler
|
0-0: Ball 1-0: Foul Ball, location: 2F 1-1: DOUBLE (Line Drive, 89D, EV 107.5 MPH)
|
|
Batting: RHB Joe Thomas
|
0-0: Swinging Strike 0-1: Swinging Strike 0-2: Ball 1-2: Fly out, F7 (Line Drive, 78M, EV 100.6 MPH)
|
| Top of the 8th over - 1 run, 2 hits, 0 errors, 1 left on base; Windy City 10 - Hamilton 3 |
| BOTTOM OF THE 8TH |
|
Hamilton Cardinals batting - Pitching for Windy City ThunderBolts : LHP Jose Herrera
|
|
Pitching: RHP Tristan Chapple
|
|
|
Pinch Hitting: RHB Diego Herrera
|
0-0: Foul Ball, location: 2F 0-1: Foul Ball, location: 2F 0-2: Fly out, F7 (Line Drive, 7, EV 90.0 MPH)
|
|
Batting: RHB Julio Sandoval
|
0-0: Ball 1-0: Ball 2-0: Ball 3-0: Foul Ball, location: 2F 3-1: Base on Balls
|
|
Batting: RHB Bobby Miles
|
0-0: Called Strike 0-1: Swinging Strike 0-2: Ball 1-2: Strikes out looking
|
|
Pinch Hitting: RHB Scott Webb
|
0-0: Ball 1-0: Ball 2-0: Foul Ball, location: 2F 2-1: Ball 3-1: Base on Balls Julio Sandoval to second
|
|
Batting: RHB Sal Guzman
|
0-0: Swinging Strike 0-1: Ball 1-1: Foul Ball, location: 2F 1-2: Ball 2-2: Ground out U3 (Groundball, 3, EV 80.0 MPH)
|
| Bottom of the 8th over - 0 runs, 0 hits, 0 errors, 2 left on base; Windy City 10 - Hamilton 3 |
| TOP OF THE 9TH |
|
Windy City ThunderBolts batting - Pitching for Hamilton Cardinals : LHP Mike East
|
|
Pitching: RHP Joey Black
|
|
|
Now at SS: Scott Webb
|
|
|
Now in RF: Diego Herrera
|
|
|
Batting: RHB Joselito Santos
|
0-0: Ball 1-0: Foul Ball, location: 2F 1-1: Ground out 4-3 (Groundball, 4, EV 84.4 MPH)
|
|
Pinch Hitting: RHB Brad Adams Jr.
|
0-0: Ball 1-0: SOLO HOME RUN (Flyball, 7LD, EV 93.1 MPH), Distance : 338 ft
|
|
Batting: RHB Nhat Phong
|
0-0: SINGLE (Line Drive, 7LS, EV 90.6 MPH)
|
|
Batting: RHB Enrique Gomez
|
0-0: Foul Ball, location: 2F 0-1: Foul Ball, location: 2F 0-2: Strikes out swinging
|
|
Batting: RHB David Laureano
|
0-0: Called Strike 0-1: Fly out, F8 (Flyball, 8LS, EV 95.6 MPH)
|
| Top of the 9th over - 1 run, 2 hits, 0 errors, 1 left on base; Windy City 11 - Hamilton 3 |
| BOTTOM OF THE 9TH |
|
Hamilton Cardinals batting - Pitching for Windy City ThunderBolts : RHP Tristan Chapple
|
|
Now in LF: Eddie Dimas
|
|
|
Pinch Hitting: LHB Ken Morehead
|
0-0: Ball 1-0: Ball 2-0: Ball 3-0: Called Strike 3-1: Base on Balls
|
|
Pitching: LHP Humberto Carrera
|
|
|
Batting: RHB Steve Hansen
|
0-0: Ball 1-0: DOUBLE (Line Drive, 7LM, EV 109.4 MPH) Ken Morehead to third Ken Morehead scores
|
|
Batting: RHB Nick Latulippe
|
0-0: Called Strike 0-1: Ball 1-1: Swinging Strike 1-2: Ball 2-2: Ball 3-2: Strikes out looking
|
|
Batting: RHB Chris Rouleau
|
0-0: Fly out, F8 (Flyball, 8RD, EV 79.4 MPH)
|
|
Batting: RHB Diego Herrera
|
0-0: Fly out, F9 (Line Drive, 9D, EV 91.2 MPH)
|
| Bottom of the 9th over - 1 run, 1 hit, 0 errors, 1 left on base; Windy City 11 - Hamilton 4 |
|